 Dungeon Crawl Stone Soup version 0.30.1-11-g7821555f0a (webtiles) character file.

Game seed: 11280398922887235074

907 Scypho the Changer (level 8, -5/54 HPs)
             Began as a Merfolk Transmuter on Jan 11, 2024.
             Was an Initiate of Makhleb.
             Killed from afar by Dowan (22 damage)
             ... with a shard of ice
             ... on level 5 of the Dungeon.
             The game lasted 00:16:19 (3631 turns).

Scypho the Changer (Merfolk Transmuter)             Turns: 3631, Time: 00:16:19

Health: -5/54      AC:  2    Str: 10    XL:     8   Next: 8%
Magic:  11/14      EV: 20    Int: 15    God:    Makhleb [......]
Gold:   131        SH:  0    Dex: 19    Spells: 5/15 levels left

rFire   . .          .
                       - Unarmed
rCold   . . .        (shield currently unavailable)
rNeg    . . .        o - melded +2 robe {rC+}
rPois   x            (helmet currently unavailable)
rElec   .            (cloak currently unavailable)
rCorr   .            (gloves currently unavailable)
SInv    .            (boots currently unavailable)
Will    .....        (no amulet)
Stlth   ++           (no ring)
HPRegen 0.29/turn    (no ring)
MPRegen 0.14/turn

%: no passive effects
@: spider-form (expiring)
A: venomous fangs, tiny, (nimble swimmer 2), (mertail)
a: End Transformation, Renounce Religion


You were on level 5 of the Dungeon.
You worshipped Makhleb.
Makhleb was noncommittal.
You were a venomous arachnid creature.
You visited 1 branch of the dungeon, and saw 5 of its levels.

You collected 231 gold pieces.
You spent 100 gold pieces at shops.

Inventory:

Armour
 d - a +0 pair of boots
 o - a +2 robe of cold resistance (melded)
 r - a +0 helmet
Scrolls
 c - 5 scrolls of teleportation
 e - 3 scrolls of vulnerability
 g - a scroll of enchant weapon
 l - 2 scrolls of amnesia
Potions
 b - a potion of lignification
 f - a potion of flight
 h - a potion of cancellation
 j - a potion of magic {unknown}
 k - 2 potions of haste
 m - 2 potions of heal wounds
 q - 2 potions of curing


   Skills:
 - Level 1.1 Fighting
 - Level 2.6 Dodging
 + Level 6.0 Unarmed Combat
 + Level 4.4 Spellcasting
 + Level 6.4 Transmutations
 * Level 1.4 Ice Magic
 - Level 4.0 Poison Magic


You had 5 spell levels left.
You knew the following spells:

 Your Spells              Type           Power      Damage    Failure   Level
a - Beastly Appendage     Tmut           44%        N/A       6%          1
b - Wereblood             Tmut           22%        N/A       8%          2
c - Spider Form           Tmut/Pois      19%        N/A       17%         3
d - Ice Form              Ice/Tmut       15%        N/A       56%         4

Your spell library contained the following spells:

 Spells                   Type           Power      Damage    Failure   Level


Dungeon Overview and Level Annotations

Branches:
Dungeon (5/15)
 Temple: D:4-7

Altars:
Cheibriados
Hepliaklqana
Makhleb
Yredelemnul

Shops:
D:4 (   D:5 *

Annotations:
D:4 3 runed translucent doors, tmcgee265's ghost, amateur FoBr
D:5 Dowan


Innate Abilities, Weirdness & Mutations

You are a venomous arachnid creature.
You have venomous fangs.
You are tiny and dextrous.
Your spellcasting is less reliable in this form.
Your armour is entirely melded.
You are incapable of wielding weapons or throwing items.
((You are very nimble when in or above water. (Stealth+, EV+, Speed+++)))
((Your lower body shifts to a powerful aquatic tail in water.))


Message History

Duvessa says, "When magic and the sword combine, nothing stands against them."
Duvessa completely misses you.
You hit Duvessa but do no damage.
Duvessa looks as sick as possible!
Duvessa hits you with a +1 short sword of flaming.
Duvessa burns you.
You hit Duvessa.
Duvessa looks as sick as possible!
Duvessa misses you.
You hit Duvessa but do no damage. Duvessa barely misses you.
You hit Duvessa but do no damage. Duvessa barely misses you.
You hit Duvessa.
Your transformation is almost over.
Duvessa misses you.
You hit Duvessa but do no damage.
Duvessa hits you with a +1 short sword of flaming.
* * * LOW HITPOINT WARNING * * *
Duvessa burns you.
* * * LOW HITPOINT WARNING * * *
You hit Duvessa.
Duvessa looks as sick as possible!
Dowan, Brother of Duvessa comes into view.
He is wielding a +0 dagger.
Duvessa hits you with a +1 short sword of flaming.
* * * LOW HITPOINT WARNING * * *
Duvessa burns you.
* * * LOW HITPOINT WARNING * * *
You hit Duvessa.
You kill Duvessa!
Makhleb accepts your kill.
Dowan seems overcome with grief.
Dowan seems to find hidden reserves of power!
Your Unarmed Combat skill increases to level 6!
Your Ice Magic skill increases to level 1!
You have reached level 8!
You hit Dowan.
Dowan is poisoned.
Dowan points at you and mumbles some strange words.
The stone arrow misses you.
You hit Dowan but do no damage.
Dowan looks as sick as possible!
Dowan misses you. Dowan closely misses you.
You hit Dowan.
Dowan looks as sick as possible!
Dowan misses you.
You hit Dowan.
Dowan looks as sick as possible!
Dowan casts a spell at you. The shard of ice hits you!!
You die...

#8.§§§§§.8#
#..§§§§..##
#.######.#
## ##..#
#...###.#.##
#........#.#
#...###...##
## ##.## #s#
. #e####$.e.
#......#
######.... .


You could see Dowan (fast, extremely poisoned).

Vanquished Creatures
  Grinder (D:4)
  Sigmund (D:4)
  Duvessa (D:5)
  An ogre (D:4)
  A scorpion (D:4)
  A jelly (D:4)
  An orc priest (D:4)
  Jessica (D:3)
  An iguana (D:4)
  An orc wizard (D:4)
  3 gnolls (D:3)
  5 adders
  3 worms (D:2)
  2 dart slugs
  An orc (D:4)
  7 ball pythons
  9 endoplasms
  6 giant cockroaches
  9 goblins
  8 hobgoblins
  4 kobolds
  7 quokkas
  6 bats
  4 frilled lizards
  6 rats
90 creatures vanquished.

Notes
Turn   | Place    | Note
-------+----------+-------------------------------------------
     0 | D:1      | Scypho the Merfolk Transmuter began the quest for the Orb.
     0 | D:1      | Reached XP level 1. HP: 15/15 MP: 3/3
   169 | D:1      | Reached XP level 2. HP: 21/21 MP: 3/5
   422 | D:1      | Reached XP level 3. HP: 21/26 MP: 4/6
  1207 | D:2      | Reached XP level 4. HP: 13/32 MP: 6/8
  1582 | D:2      | Learned a level 2 spell: Wereblood
  1586 | D:2      | Learned a level 3 spell: Spider Form
  1979 | D:3      | Noticed Jessica
  1992 | D:3      | Killed Jessica
  1993 | D:3      | Reached XP level 5. HP: 27/37 MP: 9/9
  2310 | D:3      | Identified the +6 war axe "Goblinbane" {elec, Dex+2}
  2475 | D:4      | Noticed Sigmund
  2504 | D:4      | Noticed tmcgee265's ghost (amateur FoBr)
  2504 | D:4      | Found a runed translucent gate.
  2504 | D:4      | Found a runed translucent gate.
  2504 | D:4      | Found a runed translucent gate.
  2528 | D:4      | Reached skill level 5 in Transmutations
  2560 | D:4      | Reached XP level 6. HP: 39/43 MP: 9/11
  2623 | D:4      | Reached skill level 1 in Poison Magic
  2712 | D:4      | Reached skill level 5 in Unarmed Combat
  2970 | D:4      | Found a hazy altar of Hepliaklqana.
  3031 | D:4      | Noticed Grinder
  3056 | D:4      | Killed Grinder
  3057 | D:4      | Reached XP level 7. HP: 22/48 MP: 10/12
  3160 | D:4      | Found a snail-covered altar of Cheibriados.
  3160 | D:4      | Found a burning altar of Makhleb.
  3160 | D:4      | Found a basalt altar of Yredelemnul.
  3168 | D:4      | Became a worshipper of Makhleb the Destroyer
  3218 | D:4      | Found Gomib's Antique Weapon Shoppe.
  3478 | D:4      | Killed Sigmund
  3505 | D:4      | Learned a level 4 spell: Ice Form
  3588 | D:5      | Entered Level 5 of the Dungeon
  3588 | D:5      | Found Xociucw's General Store.
  3591 | D:5      | Bought a potion of haste for 100 gold pieces
  3609 | D:5      | Noticed Duvessa
  3626 | D:5      | Noticed Dowan
  3627 | D:5      | Killed Duvessa
  3628 | D:5      | Reached skill level 1 in Ice Magic
  3628 | D:5      | Reached XP level 8. HP: 16/54 MP: 11/14
  3631 | D:5      | Killed from afar by Dowan

Illustrated notes

Levels and vault maps discovered:
D:1:      ncdulo_wetmaze, layout_rooms, minmay_pentomino_r4
D:2:      minmay_door_path, layout_loops_ring, kennysheep_generic_room_7
D:3:      layout_basic, uniq_jessica
D:4:      layout_cave_pools, nzn_hepliaklqana_mist_gate,
          gammafunk_temple_overflow_claw, serial_shops, shop,
          ebering_ghost_rock_garden, serial_bayou_lake_a, uniq_grinder,
          uniq_sigmund
D:5:      layout_loops_ring, mainiacjoe_overflow_catwalk_spiral, serial_shops,
          nicolae_stop_n_shop_2, uniq_crazy_yiuf_cottage, uniq_duvessa

Skill      XL: |  1  2  3  4  5  6  7 |
---------------+----------------------+-----
Transmutations | 3 4 5 6 |  6.4
Unarmed Combat | 4 5 6 |  6.0
Spellcasting   | 3 4 |  4.4
Poison Magic   | 2 4 |  4.0
Ice Magic      | 1 |  1.4
Fighting       | |  1.1
Dodging        | |  2.6

Action                     |  1- 3 |  4- 6 |  7- 9 || total
---------------------------+-------+-------+-------++-------
  Melee: Unarmed           |   110 |   156 |    40 ||   306
         Headbutt          |    11 |    27 |     3 ||    41
         Punch             |     4 |     5 |       ||     9
   Cast: Beastly Appendage |    25 |    25 |     3 ||    53
         Spider Form       |       |     2 |     3 ||     5
    Use: Scroll            |     2 |     3 |     6 ||    11
         Potion            |     2 |     2 |       ||     4
   Stab: Sleeping          |     1 |     1 |       ||     2
         Distracted        |       |     1 |       ||     1
 Armour: Robe              |    11 |    28 |     6 ||    45
         Skin              |       |     1 |       ||     1
  Dodge: Dodged            |    60 |    87 |    18 ||   165
